Rafales vs Atomiques
Created - November 5, 2018 at 19:22
Goals
|
| Rafales |
5 |
4 |
0 |
9 |
| Atomiques |
2 |
2 |
1 |
5 |
|
Shots
|
| Rafales |
15 |
13 |
11 |
39 |
| Atomiques |
7 |
10 |
13 |
30 |
|
1st period
1. Rafales , Chris Terry 3 (Julian Melchiori 2) at 6:36
2. Atomiques , Jack Skille 6 (Matt Tennyson 3, Tyler Brenner 5) at 9:46
3. Atomiques , Jack Skille 7 (Matt Tennyson 4, Rasmus Ristolainen 10) at 10:28
4. Rafales , Nathan Davis 6 (Carl Klingberg 9) at 10:32
5. Rafales , Mike Zigomanis 9 (Cody McLeod 7, Milan Bartovic 8) at 12:15
6. Rafales , Michael Bournival 8 (Tim Crowder 6, Matt Gilroy 8) at 15:23
7. Rafales , Mike Zigomanis 10 (Cody McLeod 8, Julian Melchiori 3) at 17:14
Penalties :
Tyler Brenner (STB) for Interference (Minor) at 4:09
2nd period
8. Rafales , Cody McLeod 6 (Mike Zigomanis 7) at 1:42
9. Rafales , Carl Klingberg 3 (Nathan Davis 8, Julian Melchiori 4) at 2:37
10. Rafales , Mike Zigomanis 11 (Cody McLeod 9, Milan Bartovic 9) at 2:50
11. Atomiques , Jack Skille 8 (Tyler Brenner 6) at 4:49
12. Rafales , Cody McLeod 7 (Mike Zigomanis 8, Milan Bartovic 10) at 8:02
13. Atomiques , Corey Tropp 1 (Colby Cohen 4, Dalton Smith 1) at 16:18
Penalties :
Tyler Brenner (STB) for Holding (Minor) at 10:59, Dwight King (STB) for Tripping (Minor) at 11:24
3rd period
14. Atomiques , Jack Skille 9 (Tyler Brenner 7, Matt Tennyson 5) at 16:37
Penalties :
Mike Zigomanis (Stf) for Hooking (Minor) at 1:35, Tyler Brenner (STB) for Tripping (Minor) at 17:36
Goalie Stats
Leland Irving (Stf), 25 saves from 30 shots - (0.833), W, 7-2-0, 60:00 minutes
Jeff Frazee (STB), 4 saves from 8 shots - (0.500), L, 1-2-0, 7:27 minutes
Jake Allen (STB), 26 saves from 31 shots - (0.839), 52:33 minutes
Players Stats for Rafales
Player Name G A P +/- PIM S H SB GA TA FO MP PP MP PK MP
------------------------------------------------------------------------------------
Brian Ferlin 0 0 0 1 0 0 0 0 1 0 2/2 17:13 2:59 0:48
Bruno Gervais 0 0 0 -2 0 0 0 1 1 3 0/0 28:59 3:34 1:17
Carl Klingberg 1 1 2 1 0 3 3 0 0 0 1/1 17:09 2:59 0:44
Chris Terry 1 0 1 0 0 1 1 0 1 0 0/1 6:34 0:00 0:00
Cody McLeod 2 3 5 3 0 6 0 0 2 0 2/2 24:24 3:23 1:01
Connor Murphy 0 0 0 1 0 1 1 1 0 0 0/0 20:08 2:48 0:42
Dylan McIlrath 0 0 0 5 0 0 3 1 0 0 0/0 10:53 0:00 0:00
James Marcou 0 0 0 0 0 3 0 0 0 0 0/0 6:34 0:00 0:00
Jayson Megna 0 0 0 0 0 0 1 0 0 0 1/3 7:23 0:00 0:49
Julian Melchiori 0 3 3 5 0 0 0 0 0 0 0/0 10:53 0:00 0:00
Kevin Veilleux 0 0 0 0 0 1 2 0 0 0 4/8 11:39 0:00 0:00
Mark Fayne 0 0 0 1 0 1 1 1 0 1 0/0 20:08 2:48 0:42
Matt Gilroy 0 1 1 -2 0 4 4 2 0 1 0/0 28:59 3:34 1:17
Michael Bournival 1 0 1 0 0 3 2 0 1 0 0/0 11:53 0:00 0:14
Mike Zigomanis 3 2 5 3 2 8 1 0 1 0 24/36 23:22 3:23 0:00
Milan Bartovic 0 3 3 3 0 3 3 1 1 1 1/1 23:23 3:23 0:00
Nathan Davis 1 1 2 1 0 2 2 0 2 0 8/18 16:47 2:59 0:22
Tim Crowder 0 1 1 0 0 3 1 0 1 0 0/0 11:39 0:00 0:00
Players Stats for Atomiques
Player Name G A P +/- PIM S H SB GA TA FO MP PP MP PK MP
------------------------------------------------------------------------------------
Anthony Nigro 0 0 0 -2 0 1 2 0 0 1 6/17 14:27 0:55 0:00
Bobby Farnham 0 0 0 0 0 2 0 0 0 0 0/1 6:15 0:00 0:00
Brock McGinn 0 0 0 -1 0 1 1 0 0 1 1/1 20:29 1:04 0:00
Colby Cohen 0 1 1 0 0 0 0 1 0 0 0/0 11:44 0:35 0:00
Corey Tropp 1 0 1 -1 0 1 2 0 0 0 0/0 12:03 0:00 0:00
Dalton Smith 0 1 1 -1 0 1 2 1 1 0 0/1 14:31 0:00 2:24
Davis Drewiske 0 0 0 0 0 1 1 3 0 2 0/0 21:00 0:17 4:05
Dwight King 0 0 0 -2 2 3 4 0 0 0 1/5 17:25 0:55 2:38
Eric Mestery 0 0 0 0 0 0 0 1 0 0 0/0 14:20 0:39 2:17
Jack Skille 4 0 4 -1 0 5 0 0 2 0 1/1 23:30 1:04 2:41
Jacob De La Rose 0 0 0 -1 0 0 0 0 0 3 3/8 12:03 0:00 0:00
Joseph Cramarossa 0 0 0 0 0 0 1 1 0 0 0/0 6:49 0:00 0:34
Lucas Wallmark 0 0 0 0 0 1 0 0 0 0 2/3 7:39 0:00 1:19
Matt Tennyson 0 3 3 -4 0 6 1 2 1 0 0/0 29:54 1:20 4:05
Rasmus Ristolainen 0 1 1 -4 0 3 0 3 2 1 0/0 27:16 1:07 2:17
Ryan Shannon 0 0 0 -2 0 2 0 0 0 0 0/1 16:02 0:55 1:31
Tyler Brenner 0 3 3 -1 6 3 3 1 0 1 15/34 20:47 1:04 0:02
Wiley Sherman 0 0 0 0 0 0 0 0 0 2 0/0 15:46 0:00 0:00
3 Stars
1 - Mike Zigomanis (Stf)
2 - Cody McLeod (Stf)
3 - Jack Skille (STB)
Power Play
Rafales - 0 on 4 Attempt(s) - 0.00%
Atomiques - 0 on 1 Attempt(s) - 0.00%
Penalty Kill
Rafales - 1 on 1 Attempt(s) - 100.00%
- Score 0 goal in Penalty Kill
Atomiques - 4 on 4 Attempt(s) - 100.00%
- Score 0 goal in Penalty Kill
Team Stat
Rafales - Hits : 25 - Faceoff Wins : 43 - Blocked Shots : 7 - Penalty Minutes : 2
Atomiques - Hits : 17 - Faceoff Wins : 29 - Blocked Shots : 13 - Penalty Minutes : 8
Official
Referees : Unknown
Linesman : Unknown
Game Notes
Jeff Frazee enters game at 15:23 of 1st period
Mike Zigomanis has scored a Hat Trick!
Jake Allen enters game at 2:50 of 2nd period
Jack Skille has scored a Hat Trick!
Finance
Level 1 -- Attendance: 1557 (77.85%) -- Ticket Income $62,280
Level 2 -- Attendance: 719 (71.90%) -- Ticket Income $14,380
Total Attendance: 2276 (75.87%)
Total Ticket Income: $76,660
Other Income: $3,833
Total Income: $80,493
Rafales
5 vs 5 Forward
Center Left Wing Right Wing Time % Phy DF OF
1 Mike Zigomanis Cody McLeod Milan Bartovic 40 0 1 4
2 Nathan Davis Carl Klingberg Brian Ferlin 30 1 1 3
3 Kevin Veilleux Michael Bournival Tim Crowder 20 2 1 2
4 Jayson Megna Chris Terry James Marcou 10 2 2 1
5 vs 5 Defense
Defense Defense Time % Phy DF OF
1 Bruno Gervais Matt Gilroy 40 1 3 1
2 Mark Fayne Connor Murphy 30 1 3 1
3 Julian Melchiori Dylan McIlrath 20 1 3 1
4 Bruno Gervais Matt Gilroy 10 1 3 1
PowerPlay Forward
Center Left Wing Right Wing Time % Phy DF OF
1 Mike Zigomanis Cody McLeod Milan Bartovic 60 0 0 5
2 Nathan Davis Carl Klingberg Brian Ferlin 40 0 0 5
PowerPlay Defense
Defense Defense Time % Phy DF OF
1 Bruno Gervais Matt Gilroy 60 0 2 3
2 Mark Fayne Connor Murphy 40 0 2 3
Penalty Kill 4 Players Forward
Center Wing Time % Phy DF OF
1 Mike Zigomanis Cody McLeod 60 1 3 1
2 Carl Klingberg Michael Bournival 40 1 3 1
Penalty Kill 4 Players Defense
Defense Defense Time % Phy DF OF
1 Bruno Gervais Matt Gilroy 60 2 3 0
2 Mark Fayne Connor Murphy 40 2 3 0
Penalty Kill - 3 Players Forward
Forward Time % Phy DF OF
1 Mike Zigomanis 60 1 4 0
2 Cody McLeod 40 1 4 0
Penalty Kill - 3 Players Defense
Defense Defense Time % Phy DF OF
1 Bruno Gervais Matt Gilroy 60 1 4 0
2 Mark Fayne Connor Murphy 40 1 4 0
4 vs 4 Forward
Center Wing Time % Phy DF OF
1 Mike Zigomanis Cody McLeod 60 1 1 3
2 Carl Klingberg Michael Bournival 40 1 1 3
4 vs 4 Defense
Defense Defense Time % Phy DF OF
1 Bruno Gervais Matt Gilroy 60 1 3 1
2 Mark Fayne Connor Murphy 40 1 3 1
Last Minutes Offensive
Center Left Wing Right Wing Defense Defense
Mike Zigomanis Cody McLeod Milan Bartovic Bruno Gervais Matt Gilroy
Last Minutes Defensive
Center Left Wing Right Wing Defense Defense
Mike Zigomanis Cody McLeod Milan Bartovic Bruno Gervais Matt Gilroy
Goaltenders
Starting : Leland Irving
Backup : Chris Driedger
Extra Forwards
Normal : Cody McLeod, Mike Zigomanis, Michael Bournival - PP : Cody McLeod, Mike Zigomanis - PK : Brian Ferlin
Extra Defensemen
Normal : Matt Gilroy, Bruno Gervais, Connor Murphy - PP : Matt Gilroy - PK : Bruno Gervais, Mark Fayne
Penalty Shots
Mike Zigomanis, Cody McLeod, Carl Klingberg, Michael Bournival, Milan Bartovic
Scratches
Ben Sexton (Healthy), Cedric Paquette (Healthy), Ryan Bourque (Healthy), Ben Johnson (Healthy), Nicklas Jensen (Healthy)
Slater Koekkoek (Healthy), Brad Ross (Healthy), Petr Kalus (Healthy), Ben Thomson (Healthy), Tyrell Goulbourne (Healthy)
David Broll (Healthy), Stefan Chaput (Healthy), Dennis Persson (Healthy), Akim Aliu (Healthy), Maksim Mayorov (Healthy)
Atomiques
5 vs 5 Forward
Center Left Wing Right Wing Time % Phy DF OF
1 Tyler Brenner Brock McGinn Jack Skille 40 1 2 2
2 Anthony Nigro Dwight King Ryan Shannon 30 1 2 2
3 Jacob De La Rose Dalton Smith Corey Tropp 20 1 2 2
4 Lucas Wallmark Joseph Cramarossa Bobby Farnham 10 1 2 2
5 vs 5 Defense
Defense Defense Time % Phy DF OF
1 Matt Tennyson Rasmus Ristolainen 40 1 2 2
2 Davis Drewiske Wiley Sherman 30 1 2 2
3 Colby Cohen Eric Mestery 20 1 2 2
4 Matt Tennyson Rasmus Ristolainen 10 1 2 2
PowerPlay Forward
Center Left Wing Right Wing Time % Phy DF OF
1 Tyler Brenner Brock McGinn Jack Skille 60 1 2 2
2 Anthony Nigro Dwight King Ryan Shannon 40 1 2 2
PowerPlay Defense
Defense Defense Time % Phy DF OF
1 Matt Tennyson Rasmus Ristolainen 60 1 2 2
2 Rasmus Ristolainen Eric Mestery 40 1 2 2
Penalty Kill 4 Players Forward
Center Wing Time % Phy DF OF
1 Dwight King Jack Skille 60 1 2 2
2 Ryan Shannon Tyler Brenner 40 1 2 2
Penalty Kill 4 Players Defense
Defense Defense Time % Phy DF OF
1 Matt Tennyson Davis Drewiske 60 1 2 2
2 Rasmus Ristolainen Eric Mestery 40 1 2 2
Penalty Kill - 3 Players Forward
Forward Time % Phy DF OF
1 Dwight King 60 1 2 2
2 Jack Skille 40 1 2 2
Penalty Kill - 3 Players Defense
Defense Defense Time % Phy DF OF
1 Matt Tennyson Davis Drewiske 60 1 2 2
2 Rasmus Ristolainen Eric Mestery 40 1 2 2
4 vs 4 Forward
Center Wing Time % Phy DF OF
1 Dwight King Jack Skille 60 1 2 2
2 Ryan Shannon Tyler Brenner 40 1 2 2
4 vs 4 Defense
Defense Defense Time % Phy DF OF
1 Matt Tennyson Rasmus Ristolainen 60 1 2 2
2 Wiley Sherman Eric Mestery 40 1 2 2
Last Minutes Offensive
Center Left Wing Right Wing Defense Defense
Tyler Brenner Dwight King Jack Skille Rasmus Ristolainen Davis Drewiske
Last Minutes Defensive
Center Left Wing Right Wing Defense Defense
Tyler Brenner Dwight King Jack Skille Matt Tennyson Davis Drewiske
Goaltenders
Starting : Jake Allen
Backup : Jeff Frazee
Extra Forwards
Normal : Corey Tropp, Bobby Farnham, Dalton Smith - PP : Corey Tropp, Bobby Farnham - PK : Dalton Smith
Extra Defensemen
Normal : Colby Cohen, Wiley Sherman, Rasmus Ristolainen - PP : Colby Cohen - PK : Wiley Sherman, Rasmus Ristolainen
Penalty Shots
Dwight King, Jack Skille, Ryan Shannon, Tyler Brenner, Corey Tropp
Scratches
Rickard Rakell (Sprained Right Finger Injury), Mike Halmo (Healthy), Max McCormick (Healthy), Mitch Callahan (Healthy), John Draeger (Healthy)
Carl Dahlstrom (Healthy), Eric Gustafsson (Healthy), Francois Tremblay (Healthy)
% Time on Ice - Rafales
Lines # - Real PCT - Wanted PCT - Time Play
Normal Forward
1 - 39% - 40% - 20:00
2 - 26% - 30% - 13:26
3 - 23% - 20% - 11:39
4 - 13% - 10% - 6:34
Normal Defense
1 - 41% - 40% - 20:56
2 - 32% - 30% - 16:38
3 - 21% - 20% - 10:53
4 - 6% - 10% - 3:12
PP Forward
1 - 53% - 60% - 3:23
2 - 47% - 40% - 2:59
PP Defense
1 - 56% - 60% - 3:34
2 - 44% - 40% - 2:48
PK Forward
1 - 100% - 60% - 1:59
2 - 0% - 40% - 0:00
PK Defense
1 - 65% - 60% - 1:17
2 - 35% - 40% - 0:42
PK3 Forward
1 - 0% - 60%
2 - 0% - 40%
PK3 Defense
1 - 0% - 60%
2 - 0% - 40%
44 Forward
1 - 0% - 60%
2 - 0% - 40%
44 Defense
1 - 0% - 60%
2 - 0% - 40%
Last Minute Offensive - 0:00
Last Minute Defensive - 0:00
Total
Forward - 60:00
Defense - 60:00
|
% Time on Ice - Atomiques
Lines # - Real PCT - Wanted PCT - Time Play
Normal Forward
1 - 38% - 40% - 19:45
2 - 26% - 30% - 13:36
3 - 23% - 20% - 12:03
4 - 12% - 10% - 6:15
Normal Defense
1 - 39% - 40% - 20:16
2 - 31% - 30% - 16:01
3 - 22% - 20% - 11:09
4 - 8% - 10% - 4:13
PP Forward
1 - 54% - 60% - 1:04
2 - 46% - 40% - 0:55
PP Defense
1 - 67% - 60% - 1:20
2 - 33% - 40% - 0:39
PK Forward
1 - 68% - 60% - 3:17
2 - 32% - 40% - 1:31
PK Defense
1 - 66% - 60% - 3:11
2 - 34% - 40% - 1:37
PK3 Forward
1 - 100% - 60% - 1:34
2 - 0% - 40% - 0:00
PK3 Defense
1 - 57% - 60% - 0:54
2 - 43% - 40% - 0:40
44 Forward
1 - 0% - 60%
2 - 0% - 40%
44 Defense
1 - 0% - 60%
2 - 0% - 40%
Last Minute Offensive - 0:00
Last Minute Defensive - 0:00
Total
Forward - 60:00
Defense - 60:00
|
Play by Play
1st period
0:01 of 1st period - Tyler Brenner wins face-off versus Mike Zigomanis in neutral zone.
0:53 of 1st period - Michael Bournival is hit by Corey Tropp and loses puck.
1:41 of 1st period - Wrist shot by James Marcou.
1:41 of 1st period - Shot Misses the Net.
1:43 of 1st period - Slapshot by Mark Fayne.
1:43 of 1st period - Shot Blocked by Davis Drewiske.
1:45 of 1st period - Wrist shot by Mark Fayne.
1:45 of 1st period - Stopped by Jake Allen without a rebound.
1:46 of 1st period - Mike Zigomanis wins face-off versus Anthony Nigro in Atomiques zone.
2:39 of 1st period - Snap shot by Tyler Brenner.
2:39 of 1st period - Shot Misses the Net.
4:07 of 1st period - Snap shot by Michael Bournival.
4:07 of 1st period - Shot Hit the Post.
4:09 of 1st period - Minor Penalty to Tyler Brenner for Interference.
4:10 of 1st period - Mike Zigomanis wins face-off versus Dwight King in Atomiques zone.
4:43 of 1st period - Wrist shot by Carl Klingberg.
4:43 of 1st period - Stopped by Jake Allen without a rebound.
4:44 of 1st period - Mike Zigomanis wins face-off versus Dwight King in Atomiques zone.
4:59 of 1st period - Wrist shot by Cody McLeod.
4:59 of 1st period - Shot Misses the Net.
5:09 of 1st period - Bruno Gervais is hit by Dalton Smith and loses puck.
5:16 of 1st period - Slapshot by Carl Klingberg.
5:16 of 1st period - Shot Misses the Net.
5:18 of 1st period - Slapshot by Mark Fayne.
5:18 of 1st period - Shot Blocked by Eric Mestery.
6:09 of 1st period - Penalty to Tyler Brenner is over, Tyler Brenner is back on ice.
6:23 of 1st period - Colby Cohen is hit by Tim Crowder and loses puck.
6:36 of 1st period - Slapshot by Chris Terry.
6:36 of 1st period - Goal by Chris Terry - Rafales : 1 - Atomiques : 0.
6:37 of 1st period - Mike Zigomanis wins face-off versus Anthony Nigro in neutral zone.
7:23 of 1st period - Slapshot by Rasmus Ristolainen.
7:23 of 1st period - Shot Blocked by Dylan McIlrath.
7:53 of 1st period - Icing by Dwight King.
7:54 of 1st period - Mike Zigomanis wins face-off versus Anthony Nigro in Atomiques zone.
8:52 of 1st period - Snap shot by Corey Tropp.
8:52 of 1st period - Shot Misses the Net.
9:10 of 1st period - Snap shot by Chris Terry.
9:10 of 1st period - Deflect By James Marcou.
9:10 of 1st period - Stopped by Jake Allen with a rebound.
9:12 of 1st period - Slapshot by Matt Gilroy.
9:12 of 1st period - Stopped by Jake Allen without a rebound.
9:13 of 1st period - Mike Zigomanis wins face-off versus Tyler Brenner in Atomiques zone.
9:20 of 1st period - Wrist shot by Cody McLeod.
9:20 of 1st period - Deflect By Mike Zigomanis.
9:20 of 1st period - Shot Misses the Net.
9:20 of 1st period - Puck is out of play.
9:21 of 1st period - Tyler Brenner wins face-off versus Mike Zigomanis in Atomiques zone.
9:44 of 1st period - Snap shot by Tyler Brenner.
9:44 of 1st period - Shot Misses the Net.
9:46 of 1st period - Slapshot by Matt Tennyson.
9:46 of 1st period - Deflect By Jack Skille.
9:46 of 1st period - Goal by Jack Skille - Rafales : 1 - Atomiques : 1.
9:47 of 1st period - Mike Zigomanis wins face-off versus Anthony Nigro in neutral zone.
9:50 of 1st period - Slapshot by Cody McLeod.
9:50 of 1st period - Shot Blocked by Matt Tennyson.
9:54 of 1st period - Wrist shot by Cody McLeod.
9:54 of 1st period - Stopped by Jake Allen without a rebound.
9:55 of 1st period - Anthony Nigro wins face-off versus Mike Zigomanis in Atomiques zone.
10:22 of 1st period - Snap shot by Jack Skille.
10:22 of 1st period - Stopped by Leland Irving with a rebound.
10:24 of 1st period - Slapshot by Rasmus Ristolainen.
10:24 of 1st period - Shot Blocked by Matt Gilroy.
10:26 of 1st period - Slapshot by Matt Tennyson.
10:26 of 1st period - Stopped by Leland Irving with a rebound.
10:28 of 1st period - Snap shot by Jack Skille.
10:28 of 1st period - Goal by Jack Skille - Rafales : 1 - Atomiques : 2.
10:29 of 1st period - Nathan Davis wins face-off versus Tyler Brenner in neutral zone.
10:32 of 1st period - Snap shot by Nathan Davis.
10:32 of 1st period - Goal by Nathan Davis - Rafales : 2 - Atomiques : 2.
10:33 of 1st period - Mike Zigomanis wins face-off versus Tyler Brenner in neutral zone.
11:23 of 1st period - Icing by Bruno Gervais.
11:24 of 1st period - Kevin Veilleux wins face-off versus Jacob De La Rose in Rafales zone.
11:50 of 1st period - Off-side.
11:51 of 1st period - Mike Zigomanis wins face-off versus Tyler Brenner in neutral zone.
11:54 of 1st period - Jack Skille is hit by Milan Bartovic and loses puck.
12:13 of 1st period - Snap shot by Cody McLeod.
12:13 of 1st period - Stopped by Jake Allen with a rebound.
12:15 of 1st period - Slapshot by Mike Zigomanis.
12:15 of 1st period - Goal by Mike Zigomanis - Rafales : 3 - Atomiques : 2.
12:16 of 1st period - Carl Klingberg wins face-off versus Tyler Brenner in neutral zone.
13:02 of 1st period - Davis Drewiske is hit by Jayson Megna and loses puck.
13:07 of 1st period - Wrist shot by James Marcou.
13:07 of 1st period - Stopped by Jake Allen without a rebound.
13:08 of 1st period - Tyler Brenner wins face-off versus Nathan Davis in Atomiques zone.
13:08 of 1st period - Tyler Brenner is hit by Carl Klingberg.
13:34 of 1st period - Rasmus Ristolainen is hit by Michael Bournival and loses puck.
14:42 of 1st period - Dylan McIlrath is hit by Joseph Cramarossa and loses puck.
14:53 of 1st period - Slapshot by Matt Tennyson.
14:53 of 1st period - Stopped by Leland Irving without a rebound.
14:54 of 1st period - Anthony Nigro wins face-off versus Mike Zigomanis in Rafales zone.
15:03 of 1st period - Wrist shot by Matt Gilroy.
15:03 of 1st period - Shot Misses the Net.
15:23 of 1st period - Wrist shot by Michael Bournival.
15:23 of 1st period - Goal by Michael Bournival - Rafales : 4 - Atomiques : 2.
15:23 of 1st period - Jeff Frazee enters game.
15:24 of 1st period - Tyler Brenner wins face-off versus Nathan Davis in neutral zone.
15:49 of 1st period - Matt Gilroy is hit by Dwight King and loses puck.
15:58 of 1st period - Snap shot by Ryan Shannon.
15:58 of 1st period - Shot Blocked by Milan Bartovic.
16:06 of 1st period - Milan Bartovic is hit by Anthony Nigro and loses puck.
16:24 of 1st period - Snap shot by Cody McLeod.
16:24 of 1st period - Shot Blocked by Colby Cohen.
16:40 of 1st period - Mike Zigomanis is hit by Matt Tennyson and loses puck.
16:55 of 1st period - Dylan McIlrath is hit by Tyler Brenner and loses puck.
17:10 of 1st period - Wrist shot by Mike Zigomanis.
17:10 of 1st period - Shot Misses the Net.
17:12 of 1st period - Snap shot by Cody McLeod.
17:12 of 1st period - Stopped by Jeff Frazee with a rebound.
17:14 of 1st period - Wrist shot by Mike Zigomanis.
17:14 of 1st period - Goal by Mike Zigomanis - Rafales : 5 - Atomiques : 2.
17:15 of 1st period - Nathan Davis wins face-off versus Tyler Brenner in neutral zone.
17:45 of 1st period - Snap shot by Tim Crowder.
17:45 of 1st period - Stopped by Jeff Frazee without a rebound.
17:46 of 1st period - Anthony Nigro wins face-off versus Kevin Veilleux in Atomiques zone.
17:53 of 1st period - Snap shot by Tim Crowder.
17:53 of 1st period - Stopped by Jeff Frazee with a rebound.
19:01 of 1st period - Backhand shot by Bobby Farnham.
19:01 of 1st period - Stopped by Leland Irving with a rebound.
19:19 of 1st period - Slapshot by Ryan Shannon.
19:19 of 1st period - Shot Misses the Net.
19:21 of 1st period - Backhand shot by Wiley Sherman.
19:21 of 1st period - Deflect By Dwight King.
19:21 of 1st period - Stopped by Leland Irving with a rebound.
19:35 of 1st period - Slapshot by Bruno Gervais.
19:35 of 1st period - Shot Blocked by Matt Tennyson.
Goals for this period are 5 for Rafales vs 2 for Atomiques.
Shots for this period are 15 for Rafales vs 7 for Atomiques.
2nd period
0:01 of 2nd period - Tyler Brenner wins face-off versus Nathan Davis in neutral zone.
0:08 of 2nd period - Matt Tennyson is hit by Carl Klingberg and loses puck.
0:44 of 2nd period - Off-side.
0:45 of 2nd period - Jacob De La Rose wins face-off versus Kevin Veilleux in neutral zone.
0:48 of 2nd period - Wrist shot by Davis Drewiske.
0:48 of 2nd period - Stopped by Leland Irving with a rebound.
0:50 of 2nd period - Slapshot by Davis Drewiske.
0:50 of 2nd period - Shot Misses the Net.
0:52 of 2nd period - Slapshot by Davis Drewiske.
0:52 of 2nd period - Shot Blocked by Mark Fayne.
0:54 of 2nd period - Wrist shot by Dalton Smith.
0:54 of 2nd period - Shot Misses the Net.
1:36 of 2nd period - Wrist shot by Mike Zigomanis.
1:36 of 2nd period - Stopped by Jeff Frazee without a rebound.
1:37 of 2nd period - Mike Zigomanis wins face-off versus Anthony Nigro in Atomiques zone.
1:42 of 2nd period - Snap shot by Cody McLeod.
1:42 of 2nd period - Goal by Cody McLeod - Rafales : 6 - Atomiques : 2.
1:43 of 2nd period - Tyler Brenner wins face-off versus Mike Zigomanis in neutral zone.
2:08 of 2nd period - Matt Tennyson is hit by Dylan McIlrath and loses puck.
2:35 of 2nd period - Slapshot by Carl Klingberg.
2:35 of 2nd period - Shot Misses the Net.
2:37 of 2nd period - Wrist shot by Carl Klingberg.
2:37 of 2nd period - Goal by Carl Klingberg - Rafales : 7 - Atomiques : 2.
2:38 of 2nd period - Mike Zigomanis wins face-off versus Tyler Brenner in neutral zone.
2:41 of 2nd period - Brock McGinn is hit by Mark Fayne and loses puck.
2:50 of 2nd period - Snap shot by Mike Zigomanis.
2:50 of 2nd period - Goal by Mike Zigomanis - Rafales : 8 - Atomiques : 2.
2:50 of 2nd period - Jake Allen enters game.
2:51 of 2nd period - Mike Zigomanis wins face-off versus Tyler Brenner in neutral zone.
3:03 of 2nd period - Slapshot by Tyler Brenner.
3:03 of 2nd period - Stopped by Leland Irving with a rebound.
3:05 of 2nd period - Wrist shot by Jack Skille.
3:05 of 2nd period - Deflect By Brock McGinn.
3:05 of 2nd period - Stopped by Leland Irving without a rebound.
3:06 of 2nd period - Nathan Davis wins face-off versus Anthony Nigro in Rafales zone.
3:38 of 2nd period - Matt Tennyson is hit by Milan Bartovic and loses puck.
4:07 of 2nd period - Slapshot by Rasmus Ristolainen.
4:07 of 2nd period - Stopped by Leland Irving without a rebound.
4:08 of 2nd period - Nathan Davis wins face-off versus Anthony Nigro in Rafales zone.
4:22 of 2nd period - Ryan Shannon is hit by Nathan Davis and loses puck.
4:39 of 2nd period - Off-side.
4:40 of 2nd period - Tyler Brenner wins face-off versus Mike Zigomanis in neutral zone.
4:49 of 2nd period - Wrist shot by Jack Skille.
4:49 of 2nd period - Goal by Jack Skille - Rafales : 8 - Atomiques : 3.
4:50 of 2nd period - Brock McGinn wins face-off versus Mike Zigomanis in neutral zone.
5:30 of 2nd period - Bruno Gervais is hit by Brock McGinn and loses puck.
5:48 of 2nd period - Backhand shot by Connor Murphy.
5:48 of 2nd period - Stopped by Jake Allen without a rebound.
5:49 of 2nd period - Mike Zigomanis wins face-off versus Anthony Nigro in Atomiques zone.
6:05 of 2nd period - Off-side.
6:06 of 2nd period - Nathan Davis wins face-off versus Jacob De La Rose in neutral zone.
7:17 of 2nd period - Wrist shot by Michael Bournival.
7:17 of 2nd period - Stopped by Jake Allen with a rebound.
7:22 of 2nd period - Off-side.
7:23 of 2nd period - Nathan Davis wins face-off versus Anthony Nigro in neutral zone.
8:00 of 2nd period - Wrist shot by Mike Zigomanis.
8:00 of 2nd period - Stopped by Jake Allen with a rebound.
8:02 of 2nd period - Wrist shot by Mike Zigomanis.
8:02 of 2nd period - Deflect By Cody McLeod.
8:02 of 2nd period - Goal by Cody McLeod - Rafales : 9 - Atomiques : 3.
8:03 of 2nd period - Cody McLeod wins face-off versus Tyler Brenner in neutral zone.
8:28 of 2nd period - Matt Gilroy is hit by Corey Tropp.
9:07 of 2nd period - Chris Terry is hit by Anthony Nigro and loses puck.
10:07 of 2nd period - Slapshot by Matt Tennyson.
10:07 of 2nd period - Stopped by Leland Irving without a rebound.
10:08 of 2nd period - Kevin Veilleux wins face-off versus Bobby Farnham in Rafales zone.
10:08 of 2nd period - Kevin Veilleux is hit by Davis Drewiske.
10:16 of 2nd period - Slapshot by Davis Drewiske.
10:16 of 2nd period - Shot Blocked by Connor Murphy.
10:21 of 2nd period - Off-side.
10:22 of 2nd period - Mike Zigomanis wins face-off versus Tyler Brenner in neutral zone.
10:27 of 2nd period - Wrist shot by Bruno Gervais.
10:27 of 2nd period - Shot Blocked by Davis Drewiske.
10:29 of 2nd period - Wrist shot by Mike Zigomanis.
10:29 of 2nd period - Shot Misses the Net.
10:31 of 2nd period - Wrist shot by Cody McLeod.
10:31 of 2nd period - Stopped by Jake Allen without a rebound.
10:32 of 2nd period - Tyler Brenner wins face-off versus Mike Zigomanis in Atomiques zone.
10:32 of 2nd period - Tyler Brenner is hit by Milan Bartovic.
10:59 of 2nd period - Minor Penalty to Tyler Brenner for Holding.
11:00 of 2nd period - Mike Zigomanis wins face-off versus Dwight King in Atomiques zone.
11:24 of 2nd period - Minor Penalty to Dwight King for Tripping.
11:25 of 2nd period - Mike Zigomanis wins face-off versus Dalton Smith in Atomiques zone.
12:30 of 2nd period - Icing by Mike Zigomanis.
12:31 of 2nd period - Mike Zigomanis wins face-off versus Lucas Wallmark in Rafales zone.
12:59 of 2nd period - Penalty to Tyler Brenner is over, Tyler Brenner is back on ice.
13:24 of 2nd period - Penalty to Dwight King is over, Dwight King is back on ice.
13:32 of 2nd period - Backhand shot by Ryan Shannon.
13:32 of 2nd period - Stopped by Leland Irving with a rebound.
14:00 of 2nd period - Snap shot by Michael Bournival.
14:00 of 2nd period - Shot Blocked by Dalton Smith.
14:02 of 2nd period - Snap shot by Kevin Veilleux.
14:02 of 2nd period - Stopped by Jake Allen without a rebound.
14:03 of 2nd period - Tyler Brenner wins face-off versus Nathan Davis in Atomiques zone.
14:38 of 2nd period - Milan Bartovic is hit by Dwight King and loses puck.
15:10 of 2nd period - Snap shot by James Marcou.
15:10 of 2nd period - Stopped by Jake Allen without a rebound.
15:11 of 2nd period - Jacob De La Rose wins face-off versus Kevin Veilleux in Atomiques zone.
15:36 of 2nd period - Corey Tropp is hit by Matt Gilroy and loses puck.
15:58 of 2nd period - Snap shot by Rasmus Ristolainen.
15:58 of 2nd period - Shot Blocked by Bruno Gervais.
16:00 of 2nd period - Slapshot by Matt Tennyson.
16:00 of 2nd period - Stopped by Leland Irving with a rebound.
16:02 of 2nd period - Slapshot by Eric Mestery.
16:02 of 2nd period - Shot Misses the Net.
16:06 of 2nd period - Wrist shot by Corey Tropp.
16:06 of 2nd period - Deflect By Dalton Smith.
16:06 of 2nd period - Stopped by Leland Irving with a rebound.
16:16 of 2nd period - Wrist shot by Dalton Smith.
16:16 of 2nd period - Shot Blocked by Matt Gilroy.
16:18 of 2nd period - Slapshot by Colby Cohen.
16:18 of 2nd period - Deflect By Corey Tropp.
16:18 of 2nd period - Goal by Corey Tropp - Rafales : 9 - Atomiques : 4.
16:19 of 2nd period - Milan Bartovic wins face-off versus Tyler Brenner in neutral zone.
16:30 of 2nd period - Cody McLeod is hit by Tyler Brenner and loses puck.
16:45 of 2nd period - Nathan Davis is hit by Dwight King and loses puck.
17:38 of 2nd period - Slapshot by Matt Gilroy.
17:38 of 2nd period - Stopped by Jake Allen with a rebound.
17:52 of 2nd period - Wiley Sherman is hit by Matt Gilroy and loses puck.
18:09 of 2nd period - Slapshot by Dwight King.
18:09 of 2nd period - Shot Misses the Net.
18:15 of 2nd period - Wrist shot by Nathan Davis.
18:15 of 2nd period - Stopped by Jake Allen without a rebound.
18:16 of 2nd period - Mike Zigomanis wins face-off versus Tyler Brenner in Atomiques zone.
18:29 of 2nd period - Snap shot by Brock McGinn.
18:29 of 2nd period - Shot Misses the Net.
19:42 of 2nd period - Joseph Cramarossa is hit by Mike Zigomanis and loses puck.
Goals for this period are 4 for Rafales vs 2 for Atomiques.
Shots for this period are 13 for Rafales vs 10 for Atomiques.
3rd period
0:01 of 3rd period - Tyler Brenner wins face-off versus Mike Zigomanis in neutral zone.
0:08 of 3rd period - Wrist shot by Rasmus Ristolainen.
0:08 of 3rd period - Shot Misses the Net.
0:10 of 3rd period - Wrist shot by Matt Tennyson.
0:10 of 3rd period - Stopped by Leland Irving with a rebound.
0:14 of 3rd period - Snap shot by Tyler Brenner.
0:14 of 3rd period - Stopped by Leland Irving without a rebound.
0:15 of 3rd period - Anthony Nigro wins face-off versus Nathan Davis in Rafales zone.
0:15 of 3rd period - Anthony Nigro is hit by Carl Klingberg.
0:29 of 3rd period - Wrist shot by Dwight King.
0:29 of 3rd period - Stopped by Leland Irving with a rebound.
0:31 of 3rd period - Slapshot by Anthony Nigro.
0:31 of 3rd period - Stopped by Leland Irving with a rebound.
0:41 of 3rd period - Matt Gilroy is hit by Tyler Brenner and loses puck.
0:50 of 3rd period - Wrist shot by Milan Bartovic.
0:50 of 3rd period - Stopped by Jake Allen without a rebound.
0:51 of 3rd period - Jayson Megna wins face-off versus Anthony Nigro in Atomiques zone.
1:25 of 3rd period - Wrist shot by Cody McLeod.
1:25 of 3rd period - Shot Misses the Net.
1:35 of 3rd period - Minor Penalty to Mike Zigomanis for Hooking.
1:36 of 3rd period - Brian Ferlin wins face-off versus Tyler Brenner in Rafales zone.
1:40 of 3rd period - Off-side.
1:41 of 3rd period - Brian Ferlin wins face-off versus Tyler Brenner in neutral zone.
2:12 of 3rd period - Slapshot by Ryan Shannon.
2:12 of 3rd period - Shot Misses the Net.
3:35 of 3rd period - Penalty to Mike Zigomanis is over, Mike Zigomanis is back on ice.
4:15 of 3rd period - Lucas Wallmark is hit by Kevin Veilleux and loses puck.
4:28 of 3rd period - Jacob De La Rose is hit by Dylan McIlrath and loses puck.
4:59 of 3rd period - Davis Drewiske is hit by Kevin Veilleux and loses puck.
5:04 of 3rd period - Wrist shot by Michael Bournival.
5:04 of 3rd period - Stopped by Jake Allen without a rebound.
5:05 of 3rd period - Kevin Veilleux wins face-off versus Jacob De La Rose in Atomiques zone.
5:18 of 3rd period - Bruno Gervais is hit by Dalton Smith and loses puck.
5:41 of 3rd period - Snap shot by Cody McLeod.
5:41 of 3rd period - Deflect By Milan Bartovic.
5:41 of 3rd period - Stopped by Jake Allen without a rebound.
5:42 of 3rd period - Tyler Brenner wins face-off versus Nathan Davis in Atomiques zone.
5:42 of 3rd period - Tyler Brenner is hit by Dylan McIlrath.
6:26 of 3rd period - Off-side.
6:27 of 3rd period - Lucas Wallmark wins face-off versus Jayson Megna in neutral zone.
6:45 of 3rd period - Davis Drewiske is hit by Chris Terry.
6:57 of 3rd period - Snap shot by Chris Terry.
6:57 of 3rd period - Deflect By Cody McLeod.
6:57 of 3rd period - Shot Misses the Net.
6:57 of 3rd period - Puck is out of play.
6:58 of 3rd period - Mike Zigomanis wins face-off versus Tyler Brenner in Atomiques zone.
7:32 of 3rd period - Wrist shot by Matt Gilroy.
7:32 of 3rd period - Deflect By Brian Ferlin.
7:32 of 3rd period - Shot Blocked by Rasmus Ristolainen.
7:32 of 3rd period - Puck is out of play.
7:33 of 3rd period - Anthony Nigro wins face-off versus Nathan Davis in Atomiques zone.
7:41 of 3rd period - Icing by Bruno Gervais.
7:42 of 3rd period - Anthony Nigro wins face-off versus Nathan Davis in Rafales zone.
7:49 of 3rd period - Slapshot by Ryan Shannon.
7:49 of 3rd period - Stopped by Leland Irving with a rebound.
7:51 of 3rd period - Slapshot by Wiley Sherman.
7:51 of 3rd period - Shot Misses the Net.
7:53 of 3rd period - Wrist shot by Dwight King.
7:53 of 3rd period - Stopped by Leland Irving with a rebound.
7:55 of 3rd period - Slapshot by Davis Drewiske.
7:55 of 3rd period - Deflect By Ryan Shannon.
7:55 of 3rd period - Shot Hit the Post.
7:55 of 3rd period - Puck is out of play.
7:56 of 3rd period - Mike Zigomanis wins face-off versus Tyler Brenner in Rafales zone.
8:46 of 3rd period - Slapshot by Matt Tennyson.
8:46 of 3rd period - Stopped by Leland Irving without a rebound.
8:47 of 3rd period - Kevin Veilleux wins face-off versus Anthony Nigro in Rafales zone.
8:47 of 3rd period - Kevin Veilleux is hit by Dwight King.
9:13 of 3rd period - Tyler Brenner is hit by Matt Gilroy and loses puck.
9:20 of 3rd period - Slapshot by Cody McLeod.
9:20 of 3rd period - Shot Misses the Net.
9:22 of 3rd period - Slapshot by Connor Murphy.
9:22 of 3rd period - Shot Misses the Net.
9:24 of 3rd period - Slapshot by Mark Fayne.
9:24 of 3rd period - Shot Blocked by Tyler Brenner.
9:51 of 3rd period - Icing by Carl Klingberg.
9:52 of 3rd period - Lucas Wallmark wins face-off versus Chris Terry in Rafales zone.
10:03 of 3rd period - Snap shot by Bobby Farnham.
10:03 of 3rd period - Stopped by Leland Irving with a rebound.
10:05 of 3rd period - Snap shot by Lucas Wallmark.
10:05 of 3rd period - Stopped by Leland Irving without a rebound.
10:06 of 3rd period - Mike Zigomanis wins face-off versus Tyler Brenner in Rafales zone.
10:49 of 3rd period - Off-side.
10:50 of 3rd period - Jacob De La Rose wins face-off versus Kevin Veilleux in neutral zone.
10:58 of 3rd period - Slapshot by Matt Gilroy.
10:58 of 3rd period - Deflect By Wiley Sherman.
10:58 of 3rd period - Stopped by Jake Allen with a rebound.
11:00 of 3rd period - Slapshot by Matt Gilroy.
11:00 of 3rd period - Stopped by Jake Allen without a rebound.
11:01 of 3rd period - Tyler Brenner wins face-off versus Mike Zigomanis in Atomiques zone.
11:01 of 3rd period - Tyler Brenner is hit by Matt Gilroy.
11:11 of 3rd period - Wrist shot by Jack Skille.
11:11 of 3rd period - Deflect By Matt Gilroy.
11:11 of 3rd period - Shot Misses the Net.
11:11 of 3rd period - Puck is out of play.
11:12 of 3rd period - Mike Zigomanis wins face-off versus Tyler Brenner in Rafales zone.
11:17 of 3rd period - Slapshot by Rasmus Ristolainen.
11:17 of 3rd period - Stopped by Leland Irving with a rebound.
11:46 of 3rd period - Snap shot by Mike Zigomanis.
11:46 of 3rd period - Shot Misses the Net.
12:56 of 3rd period - Slapshot by Milan Bartovic.
12:56 of 3rd period - Deflect By Dalton Smith.
12:56 of 3rd period - Stopped by Jake Allen with a rebound.
13:06 of 3rd period - Snap shot by Milan Bartovic.
13:06 of 3rd period - Shot Blocked by Rasmus Ristolainen.
13:08 of 3rd period - Snap shot by Milan Bartovic.
13:08 of 3rd period - Shot Blocked by Rasmus Ristolainen.
13:16 of 3rd period - Wrist shot by Mike Zigomanis.
13:16 of 3rd period - Stopped by Jake Allen without a rebound.
13:17 of 3rd period - Nathan Davis wins face-off versus Tyler Brenner in Atomiques zone.
13:43 of 3rd period - Anthony Nigro is hit by Michael Bournival and loses puck.
14:14 of 3rd period - Snap shot by James Marcou.
14:14 of 3rd period - Shot Blocked by Joseph Cramarossa.
14:30 of 3rd period - Snap shot by Tyler Brenner.
14:30 of 3rd period - Stopped by Leland Irving with a rebound.
15:01 of 3rd period - Icing by Brock McGinn.
15:02 of 3rd period - Tyler Brenner wins face-off versus Jayson Megna in Atomiques zone.
15:04 of 3rd period - Icing by Jack Skille.
15:05 of 3rd period - Tyler Brenner wins face-off versus Nathan Davis in Atomiques zone.
15:05 of 3rd period - Tyler Brenner is hit by Connor Murphy.
16:35 of 3rd period - Snap shot by Tyler Brenner.
16:35 of 3rd period - Shot Misses the Net.
16:37 of 3rd period - Snap shot by Jack Skille.
16:37 of 3rd period - Goal by Jack Skille - Rafales : 9 - Atomiques : 5.
16:38 of 3rd period - Jack Skille wins face-off versus Mike Zigomanis in neutral zone.
16:46 of 3rd period - Snap shot by Cody McLeod.
16:46 of 3rd period - Deflect By Mike Zigomanis.
16:46 of 3rd period - Stopped by Jake Allen without a rebound.
16:47 of 3rd period - Tyler Brenner wins face-off versus Mike Zigomanis in Atomiques zone.
17:36 of 3rd period - Minor Penalty to Tyler Brenner for Tripping.
17:37 of 3rd period - Dwight King wins face-off versus Nathan Davis in Atomiques zone.
17:49 of 3rd period - Slapshot by Carl Klingberg.
17:49 of 3rd period - Stopped by Jake Allen with a rebound.
18:47 of 3rd period - Eric Mestery is hit by Nathan Davis.
19:09 of 3rd period - Slapshot by Rasmus Ristolainen.
19:09 of 3rd period - Stopped by Leland Irving without a rebound.
19:10 of 3rd period - Cody McLeod wins face-off versus Ryan Shannon in Rafales zone.
19:34 of 3rd period - Icing by Mark Fayne.
19:35 of 3rd period - Nathan Davis wins face-off versus Dwight King in Rafales zone.
19:36 of 3rd period - Penalty to Tyler Brenner is over, Tyler Brenner is back on ice.
19:50 of 3rd period - Slapshot by Tim Crowder.
19:50 of 3rd period - Stopped by Jake Allen without a rebound.
19:51 of 3rd period - Mike Zigomanis wins face-off versus Jacob De La Rose in Atomiques zone.
19:54 of 3rd period - Snap shot by Mike Zigomanis.
19:54 of 3rd period - Stopped by Jake Allen without a rebound.
19:55 of 3rd period - Mike Zigomanis wins face-off versus Jacob De La Rose in Atomiques zone.
19:56 of 3rd period - Wrist shot by Cody McLeod.
19:56 of 3rd period - Shot Blocked by Davis Drewiske.
Goals for this period are 0 for Rafales vs 1 for Atomiques.
Shots for this period are 11 for Rafales vs 13 for Atomiques.
Back to the Top